 Dungeon Crawl Stone Soup version 0.30-a0-1114-gd936c97349 (webtiles) character file.

Game seed: 7690746895135498120

25 Vizrt the Conjurer (level 2, -1/22 HPs)
             Began as a Demonspawn Reaver on Apr 21, 2023.
             Slain by a goblin
             ... wielding a +0 club
             ... led by Robin
              (5 damage)
             ... on level 2 of the Dungeon.
             The game lasted 00:04:36 (1066 turns).

Vizrt the Conjurer (Demonspawn Reaver)              Turns: 1066, Time: 00:04:37

Health: -1/22      AC:  4    Str: 12    XL:     2   Next: 86%
Magic:  5/5        EV: 12    Int: 14    God:
Gold:   77         SH:  0    Dex: 17    Spells: 2/5 levels left

rFire   . . .      SeeInvis .    a - +0 scimitar
rCold   . . .      Faith    .    (no shield)
rNeg    . . .      Spirit   .    b - +0 leather armour
rPois   .          Reflect  .    (no helmet)
rElec   .          Rampage  .    (no cloak)
rCorr   .                        g - +0 pair of gloves
Will    .....                    (no boots)
Stlth   +                        (no amulet)
HPRegen 0.23/turn                w - +6 ring of dexterity
MPRegen 0.09/turn                (no ring)

@: no status effects
A: claws 1
a: no special abilities


You were on level 2 of the Dungeon.
You visited 1 branch of the dungeon, and saw 2 of its levels.

You collected 77 gold pieces.

Inventory:

Hand Weapons
 a - a +0 scimitar (weapon)
Armour
 b - a +0 leather armour (worn)
 g - a +0 pair of gloves (worn)
Jewellery
 w - a +6 ring of dexterity (left hand)
Scrolls
 c - a scroll of immolation {unknown}
 e - a scroll of blinking {unknown}
 f - a scroll of teleportation {unknown}
 h - a scroll of fear {unknown}


   Skills:
 - Level 2.0 Fighting
 + Level 3.0 Long Blades
 - Level 1.7 Dodging
 + Level 2.4 Spellcasting
 + Level 3.4 Conjurations


You had 2 spell levels left.
You knew the following spells:

 Your Spells              Type           Power      Damage    Failure   Level
a - Kiss of Death         Conj/Necr      24%        2d7       14%         1
b - Momentum Strike       Conj/Tloc      12%        3d8       22%         2

Your spell library contained the following spells:

 Spells                   Type           Power      Damage    Failure   Level
 Ensorcelled Hibernation  Hex/Ice        2%         N/A       41%         2
 Passwall                 Tmut/Erth      0%         N/A       41%         2
 Hailstorm                Conj/Ice       6%         3d4       41%         3
 Swiftness                Air            1%         N/A       65%         3
 Summon Lightning Spire   Summ/Air       1%         N/A       96%         4
 Storm Form               Tmut/Air       0%         N/A       100%        7
 Maxwell's Capacitive Co  Air            0%         ∞         100%        8


Dungeon Overview and Level Annotations

Branches:
Dungeon (2/15)

Altars:

Annotations:
D:2 Robin


Innate Abilities, Weirdness & Mutations

You have sharp fingernails.


Message History

The goblin shouts!
The goblin barely misses you. Robin throws the goblin at you!
Items here: )) [ †††.
You closely miss the goblin. The goblin completely misses you.
The goblin barely misses you. x2
You slash the goblin!
You kill the goblin!
The goblin misses you.
A goblin comes into view. It is wielding a +0 club.
The goblin closely misses you. The goblin attacks as you move away!
The goblin hits you with a +0 club.
You see here a +0 club.
The goblin attacks as you move away! The goblin hits you with a +0 club.
You closely miss the goblin. Robin throws the goblin at you!
A goblin comes into view. It is wielding a +0 dagger.
The goblin closely misses you. The goblin barely misses you.
The goblin misses you.
A hobgoblin comes into view.
The hobgoblin shouts!
The goblin shouts!
The goblin hits you with a +0 club. Robin hits you with a +0 club.
You see here a +0 club.
You barely miss Robin. The goblin barely misses you.
The goblin hits you with a +0 club.
* * * LOW HITPOINT WARNING * * *
You hit the goblin.
The goblin is heavily wounded.
The goblin closely misses you. The goblin completely misses you.
You hit the goblin.
You kill the goblin!
The goblin hits you with a +0 club.
* * * LOW HITPOINT WARNING * * *
Robin says, "My goblins will feast on your bones."
Robin throws the goblin at you!
You slash the goblin!
You kill the goblin!
The goblin no longer looks unusually strong. x2
Robin roars a battlecry!
The goblins go into a battle-frenzy!
The goblin hits you with a +0 club.
You die...

#.# #. .# #.# #.
.# #.# #. .# #.#
#.#. #.## #...
...#####.
#..#####.#
........#
#gg.....#
...#####. #g# #.##
.#######@#
..######.......)g#
.................#
.##############..#
.................#
###############..#
#..# #.... ##....


You could see Robin, a hobgoblin (strong) and 2 goblins.

Vanquished Creatures
  2 endoplasms (D:1)
  2 giant cockroaches (D:1)
  7 goblins
  3 hobgoblins (D:1)
  A kobold (D:1)
  A quokka (D:1)
  2 ball pythons (D:1)
  2 bats
  2 frilled lizards (D:1)
  2 rats (D:1)
24 creatures vanquished.

Notes
Turn   | Place    | Note
-------+----------+-------------------------------------------
     0 | D:1      | Vizrt the Demonspawn Reaver began the quest for the Orb.
     0 | D:1      | Reached XP level 1. HP: 16/16 MP: 3/3
   353 | D:1      | Gained mutation: You have sharp fingernails. [demonic
                  | ancestry]
   353 | D:1      | Reached XP level 2. HP: 22/22 MP: 5/5
   948 | D:2      | Learned a level 2 spell: Momentum Strike
  1053 | D:2      | Noticed Robin
  1066 | D:2      | Slain by a goblin

Illustrated notes

Levels and vault maps discovered:
D:1:      psy_arrival_spokes, layout_loops_corners, hangedman_decor_riveting
D:2:      layout_loops_ring, uniq_jessica, uniq_robin

Skill      XL: |  1  2 |
---------------+-------+-----
Long Blades    | 3 |  3.0
Fighting       | |  2.0
Dodging        | |  1.7
Spellcasting   | |  2.4
Conjurations   | |  3.4

Action                     || total
---------------------------++-------
  Melee: Falchion          ||    47
         Scimitar          ||    11
   Cast: Kiss of Death     ||     1
 Armour: Leather armour    ||    16
  Dodge: Dodged            ||    39

Table legend: (Time is in decaauts)
 A = Elapsed time spent in this place.
 B = Non-inter-level travel time spent in this place.
 C = Inter-level travel time spent in this place.
 D = Time resting spent in this place.
 E = Time spent auto-exploring this place.
 F = Levels seen in this place.
 G = Mean time per level.
                   A        B        C        D        E       F      G
               +--------+--------+--------+--------+--------+-----+--------+
         Total |   1074 |   1050 |     24 |      0 |    876 |   2 |  537.0 |
       Dungeon |   1074 |   1050 |     24 |      0 |    876 |   2 |  537.0 |
               +--------+--------+--------+--------+--------+-----+--------+

Top non-repeatable levels by time:
     D:1: 951 daAuts
     D:2: 123 daAuts
